Map: Orbital Shipyard

Players

LilDicky - Winner!

  • Race: Terran Terran
  • League: Diamond

BreakingBad

  • Race: Zerg Zerg
  • League: Diamond

VOD

http://www.twitch.tv/tumescentpie

Description

Time

  • Played on: Dec. 20, 2015, 1:13 p.m.
  • Length: 7:53
Show
View Real Time Build Order
Export as new Build Order

LilDicky Terran - Winner!

Build Orders: Command Center First (CC), MMM Bio 

Get SALT Encoding   

  12  0:01  SCV  
  13  0:13  SCV  
  14  0:18  Supply Depot  
  14  0:25  SCV  
  15  0:39  SCV  
  16  0:51  SCV  
  17  1:00  Command Center  
  17  1:05  SCV  
  18  1:20  Barracks  
  18  1:21  SCV  
  19  1:31  Refinery  
  19  1:33  SCV  
  20  1:45  SCV  
  21  1:57  SCV  
  22  2:09  Supply Depot, Orbital Command  
  22  2:11  Marine  
  22  2:14  Orbital Command  
  23  2:23  Refinery  
  23  2:29  Marine  
  24  2:36  SCV, Barracks  
  25  2:37  Barracks  
  25  2:41  SCV  
  26  2:47  Barracks Reactor  
  26  2:48  SCV  
  27  2:53  SCV  
  28  3:00  Supply Depot  
  28  3:01  SCV  
  29  3:06  SCV  
  30  3:17  SCV  
  31  3:22  Supply Depot  
  31  3:24  Barracks Tech Lab  
  31  3:25  Barracks Tech Lab  
  31  3:26  Barracks  
  31  3:27  Barracks  
  31  3:28  Marine  
  31  3:29  Marine  
  31  3:30  SCV  
  31  3:31  SCV  
  35  3:42  SCV  
  35  3:43  SCV  
  35  3:44  Supply Depot, Marine  
  35  3:45  Marine  
  39  3:53  Marine  
  39  3:54  SCV, Supply Depot, Marine  
  39  3:55  SCV  
  43  3:56  Stimpack  
  43  3:57  Combat Shields  
  43  4:02  Marine  
  43  4:06  SCV  
  43  4:07  SCV  
  47  4:11  Marine  
  47  4:12  Marine  
  47  4:14  Barracks Reactor  
  47  4:15  Barracks Reactor  
  48  4:18  SCV  
  48  4:26  Marine x2  
  48  4:29  Marine  
  43  4:34  Marine  
  37  4:44  Marine x2  
  35  4:51  Marine x3  
  30  4:55  SCV x2, Supply Depot  
  30  4:59  Marine  
  26  5:00  Marine x2  
  26  5:02  Marine x2  
  26  5:06  Supply Depot  
  30  5:07  SCV  
  30  5:09  Marine x3  
  30  5:14  SCV  
  35  5:17  Marine x2  
  35  5:19  SCV  
  35  5:20  Marine x2  
  40  5:24  Marine  
  40  5:27  Factory, Marine  
  43  5:28  SCV  
  43  5:35  Marine x2  
  44  5:36  Marine  
  44  5:53  Marine x3  
  44  5:54  Supply Depot  
  44  5:55  SCV x2  
  49  6:00  Marine x3  
  52  6:06  Marine x2  
  52  6:07  SCV x2  
  56  6:14  Marine x2  
  56  6:15  Factory Reactor  
  58  6:19  SCV, Starport  
  58  6:23  Marine x2  
  58  6:25  Marine  
  62  6:31  SCV  
  63  6:34  Marine x3  
  66  6:44  Marine x3  
  66  6:45  SCV  
  59  7:07  Marine  
  60  7:13  SCV x2  
  60  7:14  Marine x2  
  60  7:15  Marine x3  
  67  7:16  Medivac  
  67  7:18  Command Center  
  68  7:23  Marine x2, Medivac  
  68  7:25  Marine  
  73  7:32  Marine x3  
  73  7:33  Marine x2  
  78  7:50  Supply Depot  
  79  7:51  Supply Depot  
Show
View Real Time Build Order
Export as new Build Order

BreakingBad Zerg 

Build Orders: Pool First, Zergling Baneling 

Get SALT Encoding   

  12  0:01  Drone  
  13  0:08  Drone  
  14  0:19  Overlord  
  14  0:34  Drone, Extractor  
  14  0:39  Drone x2  
  17  0:47  Drone  
  18  0:52  Spawning Pool  
  18  0:57  Drone  
  18  1:08  Extractor  
  18  1:09  Drone  
  18  1:20  Hatchery  
  17  1:26  Drone  
  17  1:29  Drone  
  19  1:38  Queen  
  21  1:41  Drone  
  22  1:50  Overlord  
  22  2:12  Metabolic Boost  
  22  2:14  Zergling x4, Queen  
  26  2:23  Zergling x2  
  27  2:35  Overlord  
  27  2:38  Zergling x2  
  27  2:43  Zergling x2  
  29  2:49  Zergling x8  
  33  3:04  Baneling Nest, Zergling x2  
  33  3:05  Zergling x2  
  33  3:23  Zergling x4  
  33  3:24  Zergling x6  
  33  3:26  Zergling x4  
  40  3:30  Extractor  
  39  3:35  Overlord  
  39  3:37  Zergling x4  
  41  3:49  Baneling x6  
  41  3:50  Baneling x2  
  41  3:52  Zergling x4  
  43  3:59  Zergling x2  
  43  4:00  Zergling x2  
  39  4:30  Baneling x2  
  37  4:32  Zergling x10  
  37  4:33  Zergling x6  
  40  4:40  Zergling x2  
  38  4:51  Zergling x4  
  38  4:52  Zergling x4  
  38  5:00  Zergling x2  
  38  5:03  Zergling x2  
  39  5:11  Baneling x4  
  39  5:12  Baneling x3  
  39  5:20  Zergling x4  
  41  5:22  Zergling x2  
  38  5:49  Zergling x8  
  32  5:50  Zergling x8  
  35  5:57  Zergling x2  
  35  6:09  Zergling x2  
  35  6:10  Zergling x4  
  38  6:11  Zergling x2  
  39  6:19  Baneling x7  
  39  6:34  Zergling x8  
  43  6:42  Baneling x2  
  26  7:05  Zergling x10  
  26  7:06  Zergling x4  
  33  7:20  Zergling x4  
  33  7:21  Zergling x4  
  37  7:32  Overlord  
Tags
 
Add a new tag
Caveats
  • Supply blocks, unpowered buildings, or Contaminate may cause inaccurate times.
  • Supply counts are checked every 10 seconds.